 Dungeon Crawl Stone Soup version 0.28.0 (webtiles) character file.

Game seed: 4100215407571737754

201 Ajdolov the Slasher (level 6, -8/47 HPs)
             Began as a Formicid Fighter on Feb 13, 2022.
             Mangled by a gnoll (14 damage)
             ... on level 3 of the Dungeon.
             The game lasted 00:03:21 (2484 turns).

Ajdolov the Slasher (Formicid Fighter)              Turns: 2484, Time: 00:03:22

Health: -8/47      AC:  9    Str: 23    XL:     6   Next: 7%
Magic:  6/6        EV:  9    Int:  7    God:
Gold:   117        SH:  4    Dex: 10    Spells: 5/5 levels left

rFire   . . .      SeeInvis +   a - +0 long sword
rCold   . . .      Faith    .   c - +0 buckler
rNeg    . . .      Spirit   .   b - +0 scale mail
rPois   .          Reflect  .   (helmet unavailable)
rElec   .          Harm     .   j - +0 cloak
rCorr   .          Rampage  .   (no gloves)
Will    .....                   h - +0 pair of boots
Stlth   ..........              (no amulet)
HPRegen 0.15/turn               (no ring)
MPRegen 0.10/turn               (no ring)

@: no status effects
A: permanent stasis, dig shafts and tunnels, antennae 3, four strong arms
a: Dig, Shaft Self


You were on level 3 of the Dungeon.
You visited 1 branch of the dungeon, and saw 3 of its levels.

You collected 117 gold pieces.

Inventory:

Hand Weapons
 a - a +0 long sword (weapon)
Armour
 b - a +0 scale mail (worn)
 c - a +0 buckler (worn)
 h - a +0 pair of boots (worn)
 j - a +0 cloak (worn)
Scrolls
 e - a scroll of noise {unknown}
 f - a scroll of identify {unknown}
 i - a scroll of enchant armour {unknown}
 k - 2 scrolls of immolation {unknown}
 m - a scroll of magic mapping {unknown}
Potions
 d - a potion of might
 g - a potion of flight {unknown}
 l - a potion of attraction {unknown}


   Skills:
 - Level 3.2 Fighting
 * Level 5.8 Long Blades
 - Level 3.2 Armour
 - Level 3.6 Shields


You had 5 spell levels left.
You didn't know any spells.
Your spell library contained the following spells:

 Spells                   Type           Power      Damage    Failure   Level
 Iskenderun's Battlesphe  Conj           0%         2d6       100%        5
 Iron Shot                Conj/Erth      0%         9d1       100%        6
 Spellforged Servitor     Conj/Summ      0%         N/A       100%        7


Dungeon Overview and Level Annotations

Branches:
Dungeon (3/15)

Altars:
Makhleb
Nemelex Xobeh
Qazlal
Vehumet


Innate Abilities, Weirdness & Mutations

You cannot be hasted, slowed, berserked, paralysed or teleported.
You can dig through walls and to a lower floor.
You have a pair of large antennae on your head. (SInv)
Your four strong arms can wield two-handed weapons with a shield.


Message History

You slash the rat!
You kill the rat!
The gnoll hits you from afar with a +0 spear.
The gnoll barely misses you.
There is an open door here.
The gnoll hits you but does no damage.
You hit the gnoll.
The gnoll is moderately wounded.
You block the gnoll's attack.
You slash the gnoll!
You kill the gnoll!
You have reached level 6!
You slash the rat!
You kill the rat!
You block the gnoll's attack.
There is an open door here.
The gnoll hits you from afar with a +0 halberd.
The gnoll hits you but does no damage.
You slash the gnoll!
The gnoll is severely wounded.
The gnoll hits you from afar with a +0 halberd!
The gnoll hits you with a +0 spear.
You hit the gnoll.
You kill the gnoll!
The gnoll hits you from afar with a +0 halberd.
The gnoll hits you but does no damage.
Items here: )) ††.
You barely miss the gnoll. The gnoll hits you with a +0 halberd!
The gnoll hits you with a +0 halberd.
* * * LOW HITPOINT WARNING * * *
The gnoll shouts!
You hit the gnoll but do no damage. The gnoll hits you with a +0 halberd!
* * * LOW HITPOINT WARNING * * *
You hit the gnoll.
The gnoll is moderately wounded.
You block the gnoll's attack.
You hit the gnoll.
The gnoll is severely wounded.
The gnoll hits you with a +0 halberd!
You die...

#.## . #..# #.{{##..#
##.##...# ....{...#
......g####### ######
......g{{....# #....#
############.######....######
#..gg@.'....#....###
♣♣♣##.######...........###
♣.P.†.....................
♣.♣P...#########......#.###
♣PP....### ##.#+#.#.#
♣♣P......# #.#.#.#.#
♣♣#####.# #...#.#.### #.#
#...#.#>#.. #.# ###...#.#.#.#


You could see 2 gnolls.

Vanquished Creatures
  A crimson imp (D:3)
  Terence (D:3)
  3 gnolls
  3 adders (D:2)
  3 dart slugs
  2 orcs
  4 bats
  8 endoplasms
  2 giant cockroaches
  6 goblins
  7 hobgoblins
  10 jackals
  7 kobolds
  A quokka (D:2)
  6 ball pythons
  A frilled lizard (D:1)
  5 rats
70 creatures vanquished.

Notes
Turn   | Place    | Note
-------+----------+-------------------------------------------
     0 | D:1      | Ajdolov the Formicid Fighter began the quest for the Orb.
     0 | D:1      | Reached XP level 1. HP: 18/18 MP: 1/1
   135 | D:1      | Reached XP level 2. HP: 23/24 MP: 2/2
   249 | D:1      | Reached skill level 3 in Long Blades
   343 | D:1      | Reached XP level 3. HP: 29/29 MP: 3/3
  1133 | D:2      | Found a sparkling altar of Nemelex Xobeh.
  1155 | D:2      | Reached skill level 4 in Long Blades
  1155 | D:2      | Reached XP level 4. HP: 35/35 MP: 4/4
  1704 | D:2      | Reached XP level 5. HP: 41/41 MP: 5/5
  1943 | D:3      | Found a stormy altar of Qazlal.
  1963 | D:3      | Noticed Terence
  1989 | D:3      | Killed Terence
  1990 | D:3      | Reached skill level 5 in Long Blades
  2167 | D:3      | Found a radiant altar of Vehumet.
  2168 | D:3      | Found a burning altar of Makhleb.
  2475 | D:3      | Reached XP level 6. HP: 46/47 MP: 6/6
  2484 | D:3      | Mangled by a gnoll

Illustrated notes

Levels and vault maps discovered:
D:1:      minmay_arrival_shoal_huts, layout_basic
D:2:      layout_loops_ring, basic_altar, minmay_misc_feat_more_columns,
          lemuel_old_faithful
D:3:      layout_basic, grunt_temple_overflow_lords_of_destruction,
          mainiacjoe_overflow_catwalk, minmay_box_of_dots, uniq_terence,
          uniq_crazy_yiuf_cottage

Skill      XL: |  1  2  3  4  5 |
---------------+----------------+-----
Long Blades    | 3 4 5 |  5.8
Fighting       | |  3.2
Armour         | |  3.2
Shields        | |  3.6

Action                   |  1- 3 |  4- 6 || total
-------------------------+-------+-------++-------
Melee: Long sword        |    79 |   127 ||   206
Armor: Scale mail        |    37 |    62 ||    99
Dodge: Dodged            |    32 |    61 ||    93
Block: Buckler           |    15 |    32 ||    47
